Construct Section Command Post
Construct Platoon Command Post
Selects Canadian Shock Battlegroup
Selects Canadian Shock Section
Selects Incendiary Munitions
6-pounder Anti-tank Gun Team
Construct Company Command Post
Unlock Bishop Self-propelled Artillery
Bishop Self-propelled Artillery
Selects Churchill Crocodile Heavy Tank
Selects Churchill Crocodile Heavy Tank
Churchill Crocodile Heavy Tank
Unlock Towed 17-pounder Anti-tank Guns
Bishop Self-propelled Artillery
Bishop Self-propelled Artillery